 Dungeon Crawl Stone Soup version 0.28-a0-48-gfd831c5874 (webtiles) character file.

Game seed: 10425986544273915444

95 mainiacjoe the Digger (level 4, 39/39 HPs)
             Began as a Troll Earth Elementalist on July 30, 2021.
             Quit the game on level 1 of the Dungeon on Aug 1, 2021.
             The game lasted 00:03:48 (1226 turns).

mainiacjoe the Digger (Troll Earth Elementalist)    Turns: 1226, Time: 00:03:49

Health: 39/39      AC:  4    Str: 16    XL:     4   Next: 40%
Magic:  5/5        EV: 10    Int: 12    God:
Gold:   107        SH:  0    Dex: 10    Spells: 5/6 levels left

rFire   . . .      SeeInvis .   b - +0 hunting sling
rCold   . . .      Faith    .   (no shield)
rNeg    . . .      Spirit   .   c - +0 robe
rPois   .          Reflect  .   (helmet restricted)
rElec   .          Harm     .   (no cloak)
rCorr   .          Rampage  .   (gloves unavailable)
Will    +....                   (boots unavailable)
Stlth   +.........              (no amulet)
HPRegen 1.13/turn               f - ring of willpower
MPRegen 0.09/turn               (no ring)

@: very slow
A: large, unfitting armour, claws 3, regeneration 1, shaggy fur 1, tough skin 1
a: no special abilities


You were on level 1 of the Dungeon.
You visited 1 branch of the dungeon, and saw 2 of its levels.

You collected 107 gold pieces.

Inventory:

Hand Weapons
 b - a +0 hunting sling (weapon)
Missiles
 e - 85 stones (quivered ammo)
Armour
 c - a +0 robe (worn)
Jewellery
 f - a ring of willpower (left claw)
Scrolls
 g - 2 scrolls of identify {unknown}
Potions
 a - a potion of degeneration {unknown}
 d - a potion of might {unknown}
 h - a potion of curing {unknown}
 i - a potion of haste {unknown}
 j - a potion of attraction {unknown}


   Skills:
 + Level 0.1 Fighting
 + Level 2.0 Dodging
 + Level 1.1 Stealth
 + Level 1.8 Unarmed Combat
 + Level 1.8 Spellcasting
 + Level 0.6 Transmutations
 + Level 3.4 Earth Magic


You had 5 spell levels left.
You knew the following spells:

 Your Spells              Type           Power      Damage    Failure   Level
a - Sandblast             Erth           18%        2d7       7%          1

Your spell library contained the following spells:

 Spells                   Type           Power      Damage    Failure   Level
 Passwall                 Tmut/Erth      4%         N/A       19%         2
 Static Discharge         Conj/Air       1%         N/A       38%         2
 Stone Arrow              Conj/Erth      10%        3d7       38%         3
 Petrify                  Tmut/Erth      5%         N/A       77%         4
 Lightning Bolt           Conj/Air       0%         1d11      100%        5
 Maxwell's Capacitive Co  Air            0%         ∞         100%        8


Dungeon Overview and Level Annotations

Branches:
Dungeon (2/15)

Altars:

Shops:
D:2 [


Innate Abilities, Weirdness & Mutations

You are too large for most types of armour.
You have claws for hands.
Your natural rate of healing is unusually fast.
You are covered in fur. (AC +1)
You have tough skin. (AC +1)


Message History

You scratch the kobold but do no damage.
The kobold hits you but does no damage.
You scratch the kobold.
You kill the kobold!
No target in view!
No target in view!
No target in view!
No target in view!
e - 83 stones (gained 6)
Items here: )) †††.
e - 84 stones (gained 1)
You see here a +0 club.
b - a +0 hunting sling (weapon)
e - 85 stones (gained 1)
You enter the shallow water.
Moving in this stuff is going to be slow.
You enter the shallow water.
Moving in this stuff is going to be slow.
You now have 98 gold pieces (gained 4).
You enter the shallow water.
Moving in this stuff is going to be slow.
You now have 107 gold pieces (gained 9).
You enter the shallow water.
Moving in this stuff is going to be slow.
Items here: )) †††.
Items here: )) †††.
You see here a +0 club.
You enter the shallow water.
Moving in this stuff is going to be slow.
There is an open door here.
You open the door.
There is an open door here.
You enter the shallow water.
Moving in this stuff is going to be slow.
Found two escape hatches in the floor.
Done exploring.
Saving game... please wait.
Welcome back, mainiacjoe the Troll Earth Elementalist.
Press ? for a list of commands and other information.
Are you sure you want to abandon this character and quit the game? (Confirm with "yes".)

#...####.#.## #.#
#...## ##.## #.# #
###...## ### #.###
#>##...# #.##.
#≈.#...## #.##.
#≈.##...#########.##.
#≈≈.#...##........##.
#≈≈≈##...#.#########.
#≈≈≈@'...'.# #.
#≈≈≈##...#.# #.
#≈≈.#...##.# #.
#≈.##...##.#########.
#≈.#...###...........
#>##...# ############
###...## #.<.## #####


There were no monsters in sight!

Vanquished Creatures
  Terence (D:2)
  Robin (D:2)
  3 dart slugs
  3 endoplasms (D:1)
  9 goblins
  8 hobgoblins
  3 jackals (D:1)
  3 quokkas
  5 ball pythons
  4 bats
  2 frilled lizards
  4 kobolds
  2 rats (D:1)
48 creatures vanquished.

Vanquished Creatures (others)
  2 plants (D:1)
2 creatures vanquished.

Grand Total: 50 creatures vanquished

Notes
Turn   | Place    | Note
-------+----------+-------------------------------------------
     0 | D:1      | mainiacjoe the Troll Earth Elementalist began the quest for
                  | the Orb.
     0 | D:1      | Reached XP level 1. HP: 16/16 MP: 1/1
   130 | D:1      | Found a faded altar of an unknown god.
   258 | D:1      | Reached XP level 2. HP: 23/24 MP: 3/3
   301 | D:1      | You fall into a shaft and drop 1 floor!
   304 | D:2      | Reached skill level 3 in Earth Magic
   340 | D:2      | Noticed Robin
   380 | D:2      | Reached skill level 1 in Unarmed Combat
   381 | D:2      | Reached XP level 3. HP: 11/31 MP: 4/4
   383 | D:2      | Killed Robin
   569 | D:2      | Noticed Terence
   578 | D:2      | Killed Terence
   579 | D:2      | Reached XP level 4. HP: 39/39 MP: 5/5
   660 | D:2      | Found Meteakk's Armour Shoppe.
  1226 | D:1      | Quit the game

Illustrated notes

Levels and vault maps discovered:
D:1:      evilmike_arrival_crescent, layout_loops_ring,
          ebering_ecumenical_altar_petrified, serial_bayou_pond_b
D:2:      layout_basic, serial_shops, shop, kennysheep_generic_room_8,
          uniq_terence, uniq_robin

Skill      XL: |  1  2  3  4 |
---------------+-------------+-----
Earth Magic    | 3 |  3.4
Unarmed Combat | 1 |  1.8
Dodging        | 2 |  2.0
Fighting       | |  0.1
Stealth        | |  1.1
Spellcasting   | |  1.8
Transmutations | |  0.6

Action                   |  1- 3 |  4- 6 || total
-------------------------+-------+-------++-------
Melee: Unarmed           |    64 |    73 ||   137
       Punch             |       |     1 ||     1
 Fire: Hunting sling     |       |     2 ||     2
 Cast: Sandblast         |     3 |       ||     3
Armor: Robe              |    20 |    26 ||    46
Dodge: Dodged            |    29 |    35 ||    64

Table legend: (Time is in decaauts)
 A = Elapsed time spent in this place.
 B = Non-inter-level travel time spent in this place.
 C = Inter-level travel time spent in this place.
 D = Time resting spent in this place.
 E = Time spent auto-exploring this place.
 F = Levels seen in this place.
 G = Mean time per level.
                   A        B        C        D        E       F      G
               +--------+--------+--------+--------+--------+-----+--------+
         Total |   1228 |   1221 |      7 |      0 |    916 |   2 |  614.0 |
       Dungeon |   1228 |   1221 |      7 |      0 |    916 |   2 |  614.0 |
               +--------+--------+--------+--------+--------+-----+--------+

Top non-repeatable levels by time:
     D:1: 784 daAuts
     D:2: 443 daAuts
